 Dungeon Crawl Stone Soup version 0.29.0-4-gdea44cf6ec (webtiles) character file.

Game seed: 14157760390077805104

2 qw the Sneak (level 1, -4/14 HPs)
             Began as a Gargoyle Delver on Sept 10, 2022.
             Slain by an orc
             ... wielding a +0 flail
              (9 damage)
             ... on level 4 of the Dungeon.
             The game lasted 00:00:02 (133 turns).

qw the Sneak (Gargoyle Delver)                       Turns: 133, Time: 00:00:02

Health: -4/14      AC:  5    Str: 15    XL:     1   Next: 40%
Magic:  1/1        EV: 11    Int: 10    God:
Gold:   14         SH:  0    Dex: 11    Spells: 0/0 levels left

rFire   . . .      SeeInvis .   a - +0 hand axe
rCold   . . .      Faith    .   (no shield)
rNeg    + . .      Spirit   .   b - +0 leather armour
rPois   inf        Reflect  .   (no helmet)
rElec   +          Harm     .   (no cloak)
rCorr   .          Rampage  .   (no gloves)
Will    .....                   (no boots)
Stlth   +++.......              (no amulet)
HPRegen 0.04/turn               (no ring)
MPRegen 0.07/turn               (no ring)

@: no status effects
A: sickness immunity, AC +2, negative energy resistance 1, electricity
resistance, torment resistance 1, petrification resistance
a: no special abilities


You were on level 4 of the Dungeon.
You visited 1 branch of the dungeon, and saw 2 of its levels.

You collected 14 gold pieces.


Innate Abilities, Weirdness & Mutations

You are immune to sickness and miasma.
Your stone body is resilient. (AC +2)
You are immune to poison.
You resist negative energy. (rN+)
You are resistant to electric shocks. (rElec)
You are resistant to unholy torment.
You are immune to petrification.


   Skills:
 - Level 3.2 Fighting
 + Level 2.0 Axes
 - Level 1.5 Dodging
 - Level 5.4 Stealth


You couldn't memorise any spells.
You didn't know any spells.
Your spell library was empty.

Inventory:

Hand Weapons
 a - a +0 hand axe (weapon)
Armour
 b - a +0 leather armour (worn)
 c - a +0 ring mail
Wands
 g - a wand of digging (3)
Potions
 f - a potion of haste

Dungeon Overview and Level Annotations

Branches:
Dungeon (5/15)
 Temple: D:4-7

Altars:


Message History

You see here a +0 dagger.
You hear the slow rusting of a very distant drain.
You see here a +0 dagger.
There is a stone staircase leading down here.
You now have 14 gold pieces.
Found a ring mail.
Enter note: You hear the slow rusting of a very distant drain.
You see here a +0 ring mail.
Found a stone staircase leading down.
Enter note: 2 orcs and an orc priest come into view.
The orc shouts!
The orc priest shouts!
You hear a shout!
An orc comes into view. It is wielding a +0 mace.
The orc shouts!
There is a stone staircase leading down here.
The orc priest closely misses you.
You barely miss the orc priest. The orc priest barely misses you.
A hobgoblin comes into view.
The orc priest barely misses you.
You closely miss the orc priest. You hit the orc.
The orc priest closely misses you.
You hit the orc but do no damage.
The orc is moderately wounded.
You hit the orc priest.
The orc priest hits you with a +0 trident.
The orc completely misses you.
You closely miss the orc.
The orc is moderately wounded.
You hit the orc priest but do no damage.
The orc priest looks satisfied for a moment.
The orc hits you with a +0 flail.
You hit the orc.
The orc is heavily wounded.
You hit the orc priest.
The orc priest calls upon Beogh to heal the orc.
The orc's wounds heal themselves!
The orc hits you with a +0 flail!
Ouch! That really hurt!
You die...

#.# #..## ##.##
#..##..# ###..##
#..#...# ##.....##
#...## ##.......#
#...# ###........#
##..#####..........#
##..##....####.....#
##..##.>.### ##...##
##..####@## #...#
### ##.### #oo#
#..## #.###.## ##oo#
.## #.##.## #g.#
#....# #..# ##..##
#... #..# #... ##.#
... #.#


You could see an orc priest, 3 orcs and a hobgoblin.

Vanquished Creatures
  A goblin (D:4)
  A kobold (D:4)
2 creatures vanquished.

Notes
Turn   | Place    | Note
-------+----------+-------------------------------------------
     0 | D:5      | qw the Gargoyle Delver began the quest for the Orb.
     0 | D:5      | Reached XP level 1. HP: 14/14 MP: 1/1
     0 | D:5      | 0 ||| qw: Version: 0.1-a-116-g5d60599
     0 | D:5      | 0 ||| qw: Game counter: 8927
     0 | D:5      | 0 ||| qw: Always use a shield: true
     0 | D:5      | 0 ||| qw: God list: Okawaru
     0 | D:5      | 0 ||| qw: Allow faded altars: false
     0 | D:5      | 0 ||| qw: Do Orc after D:15 true
     0 | D:5      | 0 ||| qw: Do second Lair branch before Depths: true
     0 | D:5      | 0 ||| qw: Lair rune preference: random
     0 | D:5      | 0 ||| qw: Plans: Normal
     0 | D:5      | 0 ||| PLANNING D:1-11
     0 | D:5      | 0 ||| DROPPING scroll of fog.
     1 | D:5      | 1 ||| DROPPING scroll of magic mapping.
     2 | D:5      | 2 ||| DROPPING scroll of fear.
     8 | D:4      | 8 ||| PLANNING SEWER
   127 | D:4      | Noticed an orc priest
   133 | D:4      | Slain by an orc

Levels and vault maps discovered:
D:4:      layout_layer_cave, cheibrodos_sewer_entry_drain
D:5:      layout_cave_pools, serial_gnoll_camp, gnoll_camp_mini_doghouse,
          gnoll_camp_mini_hut, gnoll_camp_huts_basic, gnoll_camp_mini_sergeant,
          gnoll_camp_mini_house, gnoll_camp_mini_hut,
          chequers_serial_rivers_room_b

Skill      XL: |  1 |
---------------+----+-----
Axes           | 2 |  2.0
Fighting       | |  3.2
Dodging        | |  1.5
Stealth        | |  5.4

Action                   || total
-------------------------++-------
Melee: Hand axe          ||     9
Armor: Leather armour    ||     2
Dodge: Dodged            ||     5

Table legend:
 A = Non-vault XP
 B = Vault XP
 C = Vault XP percentage of total XP
 D = Non-vault monster count
 E = Vault monster count
 F = Vault count percentage of total count
                 A         B        C        D         E       F
            +---------+---------+-------+---------+---------+-------
      Total |       4 |       0 |   0.0 |       2 |       0 |   0.0
            +---------+---------+-------+---------+---------+-------
        D:4 |       4 |       0 |   0.0 |       2 |       0 |   0.0
            +---------+---------+-------+---------+---------+-------
